 Dungeon Crawl Stone Soup version 0.18.1-50-g88ac8fd (webtiles) character file.

20163 Peloso the Blocker (level 12, -5/107 HPs)
             Began as a Minotaur Fighter on Sept 17, 2016.
             Was a High Priest of Okawaru.
             Slain by a komodo dragon (15 damage)
             ... on level 3 of the Lair of Beasts.
             The game lasted 00:47:21 (13842 turns).

Peloso the Blocker (Minotaur Fighter)              Turns: 13842, Time: 00:47:21

Health: -5/107     AC: 15    Str: 22    XL:     12   Next: 42%
Magic:  0/12       EV:  3    Int:  5    God:    Okawaru [*****.]
Gold:   1194       SH:  9    Dex: 17    Spells: 0 memorised, 11 levels left

rFire  . . .     SeeInvis .     d - +3 double sword (holy)
rCold  + . .     Gourm    .     B - +1 plate armour
rNeg   . . .     Faith    +     c - +0 shield
rPois  .         Spirit   +     V - +2 hat {Spirit}
rElec  .         Dismiss  .     (no cloak)
rCorr  .         Reflect  .     N - +0 pair of gloves
SustAt .         Harm     .     W - +0 pair of boots
MR     .....                    A - amulet of faith
Stlth  ..........               S - ring of protection from cold
                                m - +3 ring of dexterity

@: very heavily drained, not resistant to hostile enchantments, extremely
unstealthy
A: retaliatory headbutt, horns 2
a: Heroism, Finesse, Renounce Religion


You were on level 3 of the Lair of Beasts.
You worshipped Okawaru.
Okawaru was extremely pleased with you.
You were hungry.

You visited 3 branches of the dungeon, and saw 15 of its levels.
You also visited: Ossuary.

You collected 1194 gold pieces.

Inventory:

Hand Weapons
 d - a +3 double sword of holy wrath (weapon)
 x - a +2 dagger of flaming
Armour
 c - a +0 shield (worn)
 B - a +1 plate armour (worn)
 C - a +0 chain mail
 N - a +0 pair of gloves (worn)
 U - a +2 chain mail of poison resistance
 V - a +2 hat of spirit shield (worn)
 W - a +0 pair of boots (worn)
Jewellery
 e - an uncursed ring of see invisible
 k - a +3 amulet of reflection
 m - a +3 ring of dexterity (left hand)
 y - a +2 amulet of reflection
 A - an amulet of faith (around neck)
 E - an uncursed amulet of the gourmand
 L - an uncursed ring of poison resistance
 S - a ring of protection from cold (right hand)
Wands
 a - a wand of flame (17/48)
 t - a wand of slowing (33/48)
Scrolls
 b - a scroll of identify
 g - 5 scrolls of teleportation
 j - a scroll of fear
 p - 2 scrolls of magic mapping
 v - a scroll of fog
 I - 6 scrolls of remove curse
 Q - a scroll of enchant armour
Potions
 h - 2 potions of flight
 i - 10 potions of curing
 n - a potion of invisibility {unknown}
 q - 2 potions of magic {unknown}
 s - 6 potions of heal wounds {unknown}
 D - 2 potions of degeneration {unknown}
 F - a potion of berserk rage {unknown}
 O - a potion of haste
 T - a potion of resistance
Comestibles
 f - 11 bread rations
 l - 10 meat rations
 o - 2 slices of pizza
 r - 14 royal jellies
 u - 40 fruits
 w - 10 beef jerkies


   Skills:
 + Level 10.4(0.4) Fighting
 + Level 1.0(0.0) Short Blades
 + Level 12.2(1.8) Long Blades
 + Level 11.2(1.0) Armour
 + Level 7.8(0.0) Dodging
 + Level 1.4(0.0) Stealth
 + Level 13.3(2.6) Shields
 + Level 2.0(0.0) Invocations


You had 11 spell levels left.
You didn't know any spells.

Dungeon Overview and Level Annotations

Branches:
Dungeon (11/15)            Temple (1/1) D:4            Lair (3/8) D:11
  Swamp: Lair:3-6    Shoals: Lair:3-6     Snake: Lair:3-6    Spider: Lair:3-6
    Orc: D:9-12

Altars:
Cheibriados
Gozag
Makhleb
Okawaru
Ru
Sif Muna
Trog
Vehumet
Zin
The Shining One

Shops:
D:6 %   D:7 (

Annotations:
D:9 Joseph
D:10 Maurice
Lair:2 Sonja


Innate Abilities, Weirdness & Mutations

You reflexively headbutt those who attack you in melee.
You have a pair of horns on your head.


Message History

The komodo dragon hisses menacingly.
Drink which item? (? for menu, Esc to quit)
You feel better. The komodo dragon bites you.
* * * LOW HITPOINT WARNING * * *
You hit the komodo dragon.
The komodo dragon is heavily wounded.
You block the komodo dragon's attack.
Unknown command.
You slash the komodo dragon!
The komodo dragon is severely wounded.
The komodo dragon bites you.
* * * LOW HITPOINT WARNING * * *
The komodo dragon bites you.
* * * LOW HITPOINT WARNING * * *
Unknown command.
Your shield and plate armour prevent you from hitting the komodo dragon.
You headbutt the komodo dragon!
The komodo dragon is almost dead.
The komodo dragon bites you!!
You die...

###.. # #.. ## #.
#######
######.#.P..
###.##........
#####.............
##.......###.#####.
#.@l####.# ### #..
#.### ### #... ##
##.. #.. ##. ##


You could see a komodo dragon.

Vanquished Creatures
  Maud (D:10)
  The ghost of Tagedieb the Covert, a journeyman OpEn of Dithmenos (Lair:1)
  A hydra (Lair:1)
  A hill giant (D:11)
  Pikel (D:9)
  An ugly thing (D:8)
  3 black mambas (Lair:1)
  3 spiny frogs
  A gargoyle (D:8)
  A queen bee (D:11)
  4 trolls
  2 wyverns
  A two-headed ogre (D:8)
  A slime creature (Lair:1)
  Eustachio (D:5)
  A vampire (D:10)
  3 basilisks
  10 yaks
  Grum (D:9)
  6 hippogriffs
  3 hungry ghosts
  Edmund (D:5)
  5 water moccasins
  5 porcupines
  5 orc warriors
  A slave (D:9)
  3 black bears
  2 sky beasts (D:8)
  3 ice beasts
  2 wasps
  2 ogres
  A phantom (D:4)
  4 wolves (D:9)
  4 centaurs
  3 crocodiles
  2 big kobolds
  An elf zombie (Ossuary)
  14 giant frogs
  4 scorpions
  A wight (D:8)
  33 killer bees
  An electric eel (Lair:2)
  2 howler monkeys
  5 crimson imps
  A quasit (D:7)
  A human zombie (Ossuary)
  6 jellies
  2 giant frog skeletons
  2 gnoll shamans
  3 hounds
  8 orc priests
  15 orc wizards
  A centaur skeleton (D:6)
  8 iguanas
  Natasha (D:3)
  2 hell rats (D:11)
  10 worker ants
  Terence (D:3)
  2 big kobold zombies (Ossuary)
  2 hound skeletons
  2 mummies (Ossuary)
  2 worker ant zombies
  14 adders
  12 gnolls
  8 river rats
  4 shadow imps
  16 oozes
  An adder skeleton (D:5)
  2 adder zombies
  4 worms
  2 dart slugs
  9 giant geckos
  46 orcs
  3 bats
  6 giant cockroaches
  5 gnoll zombies (Ossuary)
  6 hobgoblins
  10 jackals
  11 quokkas
  3 ball pythons
  A giant cockroach zombie (D:5)
  A giant gecko zombie (D:7)
  3 giant newts
  18 goblins
  3 goblin zombies (Ossuary)
  2 hobgoblin zombies (Ossuary)
  17 kobolds
  2 quokka zombies
  4 rats
  A plant (Lair:1)
434 creatures vanquished.

Vanquished Creatures (others)
  2 slaves (D:9)
  An adder (D:9)
  A jelly (D:9)
  11 fungi
15 creatures vanquished.

Grand Total: 449 creatures vanquished

Notes
Turn   | Place    | Note
--------------------------------------------------------------
     0 | D:1      | Peloso the Minotaur Fighter began the quest for the Orb.
     0 | D:1      | Reached XP level 1. HP: 19/19 MP: 0/0
   176 | D:1      | Reached skill level 4 in Shields
   176 | D:1      | Reached XP level 2. HP: 27/27 MP: 1/1
   609 | D:1      | Reached XP level 3. HP: 33/33 MP: 2/2
   692 | D:2      | Found a snail-covered altar of Cheibriados.
   735 | D:2      | Found a radiant altar of Vehumet.
  1012 | D:2      | Reached XP level 4. HP: 27/41 MP: 3/3
  1267 | D:2      | Reached skill level 1 in Dodging
  1534 | D:3      | Noticed Natasha
  1538 | D:3      | Killed Natasha
  1538 | D:3      | Reached XP level 5. HP: 46/47 MP: 4/4
  1587 | D:3      | Found a glowing golden altar of the Shining One.
  1630 | D:3      | Noticed Terence
  1636 | D:3      | Killed Terence
  1671 | D:3      | Found a faded altar to an unknown god.
  1700 | D:3      | Reached skill level 5 in Shields
  2129 | D:3      | Found a deep blue altar of Sif Muna.
  2135 | D:3      | Reached XP level 6. HP: 42/53 MP: 5/5
  2413 | D:4      | Reached skill level 5 in Armour
  2423 | D:4      | Found an opulent altar of Gozag.
  2425 | D:4      | Found a burning altar of Makhleb.
  2544 | D:4      | Reached skill level 5 in Fighting
  2642 | D:4      | Found a staircase to the Ecumenical Temple.
  2651 | Temple   | Entered the Ecumenical Temple
  2675 | Temple   | Became a worshipper of Warmaster Okawaru
  2819 | D:4      | Reached XP level 7. HP: 40/61 MP: 6/6
  2877 | D:5      | Entered Level 5 of the Dungeon
  2994 | D:5      | Reached skill level 6 in Shields
  3061 | D:5      | Reached * piety under Okawaru
  3127 | D:5      | Noticed Edmund
  3143 | D:5      | Killed Edmund
  3143 | D:5      | Reached skill level 5 in Long Blades
  3190 | D:5      | Found a sand-covered staircase.
  3237 | Ossuary  | Entered an ossuary
  3369 | Ossuary  | Reached ** piety under Okawaru
  3389 | Ossuary  | Reached XP level 8. HP: 45/70 MP: 7/7
  3879 | D:5      | Found a sacrificial altar of Ru.
  3970 | D:5      | Noticed Eustachio
  4020 | D:5      | Killed Eustachio
  4020 | D:5      | Reached skill level 7 in Shields
  4183 | D:5      | Noticed an angel
  4184 | D:5      | Found a glowing silver altar of Zin.
  4426 | D:6      | Found Tymap's Food Shop.
  4459 | D:6      | Reached *** piety under Okawaru
  5146 | D:7      | Reached XP level 9. HP: 78/78 MP: 8/8
  5184 | D:7      | Reached skill level 1 in Stealth
  5194 | D:7      | Reached skill level 5 in Dodging
  5196 | D:7      | Reached **** piety under Okawaru
  5244 | D:7      | Reached skill level 8 in Shields
  5917 | D:7      | Found Boumi's Weapon Boutique.
  6468 | D:8      | Reached skill level 9 in Shields
  6595 | D:8      | Noticed a red ugly thing
  6616 | D:8      | Killed a red ugly thing
  6616 | D:8      | Reached XP level 10. HP: 86/86 MP: 6/9
  6658 | D:8      | Noticed a gargoyle
  6671 | D:8      | Killed a gargoyle
  7278 | D:8      | Reached ***** piety under Okawaru
  7380 | D:8      | Reached skill level 10 in Shields
  7561 | D:8      | Got a wavering iron ring
  8026 | D:9      | Received a gift from Okawaru
  8045 | D:9      | Noticed Joseph
  8085 | D:9      | Noticed Grum
  8101 | D:9      | Killed Grum
  8118 | D:9      | Reached skill level 11 in Shields
  8159 | D:9      | Noticed Pikel
  8174 | D:9      | Killed Pikel
  8264 | D:9      | Received a gift from Okawaru
  8264 | D:9      | Reached skill level 10 in Long Blades
  8264 | D:9      | Reached XP level 11. HP: 38/95 MP: 7/10
  8711 | D:10     | Entered Level 10 of the Dungeon
  9073 | D:10     | Noticed Maud
  9100 | D:10     | Killed Maud
  9100 | D:10     | Reached skill level 1 in Invocations
  9196 | D:10     | Noticed Maurice
  9736 | D:10     | Reached skill level 10 in Armour
  9997 | D:11     | Found a staircase to the Lair.
 10037 | D:11     | Reached skill level 12 in Shields
 10819 | D:11     | Received a gift from Okawaru
 10898 | D:11     | Noticed a hill giant
 10905 | D:11     | Killed a hill giant
 10987 | Lair:1   | Entered Level 1 of the Lair of Beasts
 11066 | Lair:1   | Noticed Tagedieb's ghost (journeyman OpEn)
 11076 | Lair:1   | Killed Tagedieb's ghost
 11076 | Lair:1   | Reached XP level 12. HP: 90/106 MP: 9/12
 11155 | Lair:1   | Noticed a four-headed hydra
 11168 | Lair:1   | Killed a four-headed hydra
 11168 | Lair:1   | Reached skill level 10 in Fighting
 11518 | Lair:1   | Reached skill level 13 in Shields
 12130 | Lair:2   | Reached skill level 1 in Short Blades
 12593 | Lair:2   | Noticed Sonja
 12612 | Lair:2   | Received a gift from Okawaru
 13842 | Lair:3   | Slain by a komodo dragon

Skill      XL: |  1  2  3  4  5  6  7  8  9 10 11 12 |
---------------+-------------------------------------+-----
Fighting       | 4 5 6 7 8 9 10 | 10.4
Shields        | 4 5 6 7 9 11 12 13 | 13.3
Armour         | 4 5 6 7 8 9 10 11 | 11.2
Dodging        | 1 2 3 4 5 7 |  7.8
Long Blades    | 3 4 5 7 9 10 11 12 | 12.2
Stealth        | 1 |  1.4
Invocations    | 2 |  2.0
Short Blades   | 1 |  1.0

Action                   |  1- 3 |  4- 6 |  7- 9 | 10-12 || total
-------------------------+-------+-------+-------+-------++-------
Melee: Long sword        |    86 |   165 |   505 |   347 ||  1103
       Headbutt          |    10 |    32 |   129 |   199 ||   370
       Double sword      |       |       |       |   433 ||   433
       Dagger            |       |       |       |    10 ||    10
Invok: Heroism           |       |       |     3 |     8 ||    11
       Finesse           |       |       |       |     1 ||     1
  Use: Scroll            |       |       |     4 |    16 ||    20
       Potion            |       |       |       |     2 ||     2
  Eat: Chunk             |     1 |     6 |    12 |    25 ||    44
       Fruit             |       |       |     1 |     2 ||     3
Armor: Scale mail        |    30 |    19 |       |       ||    49
       Chain mail        |       |    36 |   177 |    90 ||   303
       Plate armour      |       |       |       |   211 ||   211
Dodge: Dodged            |    27 |    41 |   142 |   271 ||   481
Block: Shield            |    51 |    89 |   301 |   533 ||   974
       Reflection        |     2 |       |       |       ||     2
